 Dungeon Crawl Stone Soup version 0.31.0-32-g396128a36d (webtiles) character file.

Game seed: 13030373552900072682

20461 Peloso the Carver (level 12, -1/110 HPs)
             Began as a Minotaur Fighter on Apr 11, 2024.
             Was a High Priest of Okawaru.
             Slain by a jumping spider (7 damage)
             ... on level 2 of the Lair of Beasts.
             The game lasted 00:25:34 (14032 turns).

Peloso the Carver (Minotaur Fighter)               Turns: 14032, Time: 00:25:35

Health: -1/110     AC: 21    Str: 22    XL:     12   Next: 45%
Magic:  11/11      EV:  7    Int:  5    God:    Okawaru [*****.]
Gold:   930        SH:  0    Dex: 14    Spells: 11/11 levels left

rFire   . . .        a - +2 falchion (heavy)
rCold   + . .        d - +0 buckler
rNeg    . . .        D - +4 scale mail {rC+}
rPois   .            (helmet restricted)
rElec   .            I - +2 cloak {Will+}
rCorr   .            v - +2 pair of gloves
SInv    .            r - +0 pair of boots
Will    +....        (no amulet)
Stlth   +            (no ring)
HPRegen 0.38/turn    (no ring)
MPRegen 0.12/turn

%: no passive effects
@: held
A: horns 2, retaliatory headbutt
a: Renounce Religion, Heroism, Finesse, Duel


You were on level 2 of the Lair of Beasts.
You worshipped Okawaru.
Okawaru was extremely pleased with you.
You visited 3 branches of the dungeon, and saw 15 of its levels.
You also visited: Ossuary.

You collected 930 gold pieces.

Inventory:

Hand Weapons
 a - a +2 heavy falchion (weapon)
 b - a +4 falchion
 c - a +4 war axe of flaming
Missiles
 M - a throwing net (quivered)
Armour
 d - a +0 buckler (worn)
 r - a +0 pair of boots (worn)
 v - a +2 pair of gloves (worn)
 x - a +0 cloak
 D - a +4 scale mail of cold resistance (worn)
 I - a +2 cloak of willpower (worn)
Jewellery
 j - a +6 ring of strength
 u - a ring of ice
 y - a ring of fire
Talismans
 e - a maw talisman
 t - a talisman of death
Wands
 g - a wand of light (11)
 s - a wand of flame (8)
 G - a wand of mindburst (10)
 H - a wand of roots (7)
Scrolls
 l - a scroll of poison
 n - a scroll of torment {unknown}
 o - a scroll of amnesia
 p - 3 scrolls of teleportation
 q - 4 scrolls of enchant armour
 A - a scroll of blinking
 E - a scroll of fear {unknown}
 F - a scroll of immolation
 K - 4 scrolls of identify
 L - 2 scrolls of revelation {unknown}
 P - a scroll of fog
 Q - a scroll of silence
 R - 2 scrolls of enchant weapon {unknown}
Potions
 f - 3 potions of cancellation
 h - 4 potions of might
 i - 2 potions of curing
 k - 2 potions of haste
 m - a potion of enlightenment
 w - 3 potions of berserk rage
 z - 3 potions of attraction {unknown}
 B - 3 potions of mutation {unknown}
 C - 2 potions of magic {unknown}
 J - 2 potions of invisibility {unknown}
 N - a potion of brilliance
 O - a potion of degeneration {unknown}
 S - a potion of lignification {unknown}


   Skills:
 + Level 11.4 Fighting
 + Level 14.8 Long Blades
 + Level 11.6 Armour
 + Level 8.0 Dodging
 + Level 2.5 Stealth
 + Level 9.2 Shields
 + Level 2.1 Evocations


You had 11 spell levels left.
You didn't know any spells.
Your spell library contained the following spells:

 Spells                   Type           Power      Damage    Failure   Level
 Magic Dart               Conj           0%         1d3       78%         1
 Blink                    Tloc           0%         N/A       89%         2
 Ensorcelled Hibernation  Hex/Ice        0%         N/A       89%         2
 Static Discharge         Conj/Air       0%         3-3/arc   89%         2
 Fugue of the Fallen      Necr           0%         N/A       98%         3
 Airstrike                Air            0%         2d(0-16)  100%        4
 Anguish                  Hex/Necr       0%         N/A       100%        4
 Leda's Liquefaction      Alch/Erth      0%         N/A       100%        4
 Lee's Rapid Deconstruct  Erth           0%         3d4*      100%        5
 Bombard                  Conj/Erth      0%         9d1       100%        6
 Call Imp                 Summ           Unusable   N/A       N/A         2
 Summon Lightning Spire   Summ/Air       Unusable   N/A       N/A         4

Dungeon Overview and Level Annotations

Branches:
Dungeon (12/15)            Temple (1/1) D:6            Lair (2/5) D:11
 Spider (0/4) Lair:2          Orc (0/2) D:10        Ossuary (visited)
  Swamp: Lair:2-3    Shoals: Lair:2-3

Altars:
Ashenzari
Cheibriados
Dithmenos
Elyvilon
Fedhas
Gozag
Hepliaklqana
Kikubaaqudgha
Makhleb
Nemelex Xobeh
Okawaru
Qazlal
Ru
Sif Muna
Trog
Uskayaw
Vehumet
Wu Jian
Xom
Yredelemnul
Zin
The Shining One

Shops:
D:9 *   D:11 :

Annotations:
D:8 2 runed translucent doors, Jinxx's ghost, novice DsIE
Lair:1 1 runed translucent door


Innate Abilities, Weirdness & Mutations

You have a pair of horns on your head.
You reflexively headbutt those who attack you in melee.


Message History

* * * LOW HITPOINT WARNING * * *
The jumping spider bites you.
* * * LOW HITPOINT WARNING * * *
You closely miss the jumping spider. The jumping spider closely misses you.
You furiously retaliate!
You headbutt the jumping spider!
The jumping spider bites you but does no damage.
Unknown command.
You feel better.
The jumping spider pounces on you but does no damage.
You block the jumping spider's attack.
The jumping spider pounces on you but does no damage.
The jumping spider bites you but does no damage.
Unknown command.
You hit the jumping spider.
The jumping spider is heavily wounded.
The jumping spider pounces on you but does no damage.
The jumping spider barely misses you.
Unknown command.
You slash the jumping spider!
Your headbutt misses the jumping spider.
The jumping spider is almost dead.
The jumping spider leaps! x2
Aiming: Mindburst
Press: ? - help, Shift-Dir - straight line, f - jumping spider
Aim: a jumping spider (severely wounded, chance to affect: 73%)
The jumping spider struggles to resist.
The jumping spider leaps!
You hit the jumping spider.
The jumping spider is almost dead.
The jumping spider pounces on you!
* * * LOW HITPOINT WARNING * * *
You are caught in a web!
The jumping spider bites you but does no damage.
Unknown command.
Unknown command.
You struggle to detach yourself from the web.
The jumping spider pounces on you.
* * * LOW HITPOINT WARNING * * *
The jumping spider bites you but does no damage.
The jumping spider pounces on you!
You die...

+.⌠.>.⌠..⌠..÷÷..#...#
............÷+......##
#............#.......#
#..⌠.....###.###°...#
.......########....# #
#........#.#.#....#
.####...⌠...+.†#..°..#
....#.......##.......#
.....##.........@s..P#
......#.#...#........#
.......†####..†......#
##.....###.....####.##
.....○## ##....# ##
.......#.##....#
................
...............##
....~~~.~~~....#


You could see a jumping spider.

Vanquished Creatures
  2 two-headed ogres
  Amaemon (D:8)
  A manticore (D:11)
  Maurice (D:7)
  A black mamba (Lair:1)
  An orange demon (D:8)
  A torpor snail (Lair:1)
  6 cane toads
  2 unseen horrors
  7 komodo dragons
  2 trolls
  A hornet (D:9)
  2 dream sheep (Lair:1)
  3 wyverns
  2 wraiths
  24 yaks
  A human (Lair:1)
  2 basilisks
  3 redbacks (Lair:2)
  A steam dragon (D:7)
  Edmund (D:3)
  An acid dragon (D:9)
  6 water moccasins
  3 black bears
  A sky beast (D:7)
  7 orc warriors
  3 ogres
  10 wolves (Lair:2)
  4 centaurs
  A phantom (D:7)
  8 bullfrogs
  A kobold brigand (D:5)
  An elf zombie (Ossuary)
  3 scorpions
  A gnoll sergeant (D:8)
  11 wights
  20 killer bees
  An electric eel (Lair:2)
  A howler monkey (D:3)
  2 human zombies (Ossuary)
  2 jellies
  11 orc priests
  2 bombardier beetles
  A hound (D:5)
  A sleepcap (D:6)
  4 iguanas
  8 orc wizards
  Ijyb (D:3)
  2 hound zombies (Ossuary)
  5 mummies
  16 gnolls
  9 adders
  A shadow imp (D:8)
  4 ufetubi
  An adder zombie (Ossuary)
  2 dart slugs
  A ribbon worm (D:2)
  51 orcs
  8 endoplasms
  A giant cockroach (D:4)
  4 goblins
  11 hobgoblins
  18 kobolds
  2 quokkas
  5 ball pythons
  7 bats
  3 frilled lizards
  A gnoll zombie (Ossuary)
  A goblin zombie (D:5)
  A hobgoblin zombie (Ossuary)
  2 kobold zombies
  An orc zombie (Ossuary)
  7 rats
  2 rat zombies (Ossuary)
346 creatures vanquished.

Vanquished Creatures (others)
  An orc wizard (D:7)
1 creature vanquished.

Grand Total: 347 creatures vanquished

Notes
Turn   | Place    | Note
-------+----------+-------------------------------------------
     0 | D:1      | Peloso the Minotaur Fighter began the quest for the Orb.
     0 | D:1      | Reached XP level 1. HP: 19/19 MP: 0/0
   500 | D:1      | Reached XP level 2. HP: 27/27 MP: 1/1
   987 | D:2      | Reached skill level 3 in Long Blades
   987 | D:2      | Reached XP level 3. HP: 33/33 MP: 2/2
  1469 | D:3      | Reached XP level 4. HP: 33/40 MP: 3/3
  1498 | D:3      | Reached skill level 4 in Long Blades
  1585 | D:3      | Reached XP level 5. HP: 32/47 MP: 4/4
  1702 | D:3      | Identified the +9 longbow of Winter {heavy, Dex+2}
  2386 | D:3      | Noticed Ijyb
  2393 | D:3      | Killed Ijyb
  2394 | D:3      | Reached skill level 5 in Armour
  2455 | D:3      | Found a bloodstained altar of Trog.
  2526 | D:4      | Noticed Edmund
  2704 | D:4      | Reached skill level 5 in Long Blades
  2768 | D:4      | Noticed a black bear
  2777 | D:4      | Killed a black bear
  2778 | D:4      | Reached skill level 1 in Dodging
  2778 | D:4      | Reached XP level 6. HP: 53/53 MP: 5/5
  3108 | D:4      | Reached skill level 6 in Long Blades
  3325 | D:3      | Killed Edmund
  3326 | D:3      | Reached skill level 5 in Fighting
  3326 | D:3      | Reached XP level 7. HP: 36/61 MP: 6/6
  3433 | D:5      | Entered Level 5 of the Dungeon
  3449 | D:5      | Reached skill level 7 in Long Blades
  3540 | D:5      | Reached XP level 8. HP: 52/69 MP: 7/7
  3542 | D:5      | Reached skill level 8 in Long Blades
  3565 | D:5      | Found a sand-covered staircase.
  3571 | Ossuary  | Entered an ossuary
  3619 | Ossuary  | Reached skill level 5 in Shields
  4141 | D:5      | Reached skill level 9 in Long Blades
  4720 | D:6      | Found a sacrificial altar of Ru.
  4767 | D:6      | Found a staircase to the Ecumenical Temple.
  4788 | Temple   | Entered the Ecumenical Temple
  4887 | D:6      | Reached skill level 10 in Long Blades
  5065 | D:6      | Reached XP level 9. HP: 67/77 MP: 8/8
  5151 | D:6      | Found a hazy altar of Hepliaklqana.
  5509 | D:7      | Noticed Maurice
  5590 | D:7      | Maurice stole a +0 long sword
  5597 | D:7      | Killed Maurice
  5791 | D:7      | Reached skill level 11 in Long Blades
  5942 | D:7      | Reached skill level 1 in Evocations
  6277 | D:8      | Found a large runed translucent door.
  6277 | D:8      | Found a large runed translucent door.
  6678 | D:8      | Noticed Jinxx's ghost (novice DsIE)
  6982 | D:8      | Noticed Amaemon
  7003 | D:8      | Noticed an orange demon
  7014 | D:8      | Killed Amaemon
  7015 | D:8      | Reached skill level 5 in Dodging
  7015 | D:8      | Reached skill level 1 in Stealth
  7015 | D:8      | Reached XP level 10. HP: 24/86 MP: 9/9
  7251 | D:8      | Reached skill level 12 in Long Blades
  7508 | D:8      | Killed an orange demon
  8164 | D:9      | Noticed a two-headed ogre
  8177 | D:9      | Killed a two-headed ogre
  8523 | D:9      | Found Beolan's Serpentskin Sales.
  9029 | D:9      | Found a blossoming altar of Fedhas.
  9251 | D:10     | Entered Level 10 of the Dungeon
  9276 | D:10     | Reached skill level 13 in Long Blades
  9276 | D:10     | Reached XP level 11. HP: 88/95 MP: 10/10
  9323 | D:10     | Found a staircase to the Orcish Mines.
  9365 | D:10     | Found a stormy altar of Qazlal.
  9370 | D:10     | Noticed a two-headed ogre
  9377 | D:10     | Killed a two-headed ogre
  9597 | D:10     | Reached skill level 10 in Armour
 10067 | D:10     | Found an iron altar of Okawaru.
 10235 | D:10     | Became a worshipper of Warmaster Okawaru
 10564 | D:11     | Reached * piety under Okawaru
 10599 | D:11     | Found Uceciocsos's Book Boutique.
 10667 | D:11     | Found a staircase to the Lair.
 10888 | Lair:1   | Entered Level 1 of the Lair of Beasts
 11308 | Lair:1   | Reached ** piety under Okawaru
 11348 | Lair:1   | Reached skill level 14 in Long Blades
 11674 | Lair:1   | Reached *** piety under Okawaru
 11681 | Lair:1   | Reached skill level 10 in Fighting
 12107 | Lair:1   | Reached XP level 12. HP: 49/107 MP: 11/11
 12390 | Lair:1   | Found a runed translucent door.
 12422 | Lair:1   | Noticed a vampire mage
 13124 | Lair:2   | Reached **** piety under Okawaru
 13460 | Lair:2   | Identified the +4 ring mail of Mutualism {Harm rC- Will++
                  | Stlth+}
 13672 | Lair:2   | Reached ***** piety under Okawaru
 13997 | Lair:2   | Found a hole to the Spider Nest.
 14032 | Lair:2   | Slain by a jumping spider

Illustrated notes

Levels and vault maps discovered:
D:1:      minmay_arrival_four_loops, layout_loops_ring, roderic_roman_lattice,
          moated_statue
D:2:      layout_rooms, minmay_stone_trees_small, interstate_on_off,
          minmay_misc_feat_hallway
D:3:      layout_loops_ring, trog_hazing_becter,
          hangedman_abyss_or_decor_lesser_grid, uniq_ijyb
D:4:      layout_cave_pools, nicolae_tricolors, uniq_edmund
D:5:      layout_basic, nicolae_ossuary_entry_giza,
          serial_library_hellmonk_long_bookcase
D:6:      layout_rooms, kennysheep_mini_moat, mainiacjoe_overflow_alcove_4,
          minmay_temple_entry_offerings
D:7:      layout_cave_pools, st_stairs_2, uniq_maurice
D:8:      layout_basic, ebering_ghost_disaster_area, uniq_amaemon
D:9:      layout_roguey, fedhas_altar_fruit_tree, guppyfry_shop_venom
D:10:     layout_irregular_city, mainiacjoe_overflow_surrounded_room,
          nicolae_qazlal_eye_of_the_storm, david_orc_2
D:11:     layout_rooms, lair_entry_dummy, serial_shops,
          nicolae_book_shop_shelving
D:12:     layout_grid_maze, hangedman_abyss_or_decor_passed
Temple:   nicolae_temple_superstar
Lair:1:   layout_chaotic_city, pdpol_lair_cabin_in_the_woods
Lair:2:   layout_gridlike, elwin_shoals_entry_stream, spider_nest_entry_a,
          serial_bayou_lagoon_a, serial_bayou_shore_a, grunt_megastairs_3

Skill      XL: |  1  2  3  4  5  6  7  8  9 10 11 12 |
---------------+-------------------------------------+-----
Fighting       | 4 5 6 7 8 10 11 | 11.4
Armour         | 4 5 6 7 8 9 11 | 11.6
Long Blades    | 3 4 5 6 7 10 11 13 14 | 14.8
Shields        | 4 5 6 7 8 9 |  9.2
Dodging        | 1 2 3 5 6 7 8 |  8.0
Evocations     | 2 |  2.1
Stealth        | 1 2 |  2.5

Action                     |  1- 3 |  4- 6 |  7- 9 | 10-12 || total
---------------------------+-------+-------+-------+-------++-------
  Melee: Long sword        |    93 |   118 |   177 |       ||   388
         Headbutt          |    13 |    15 |    71 |   119 ||   218
         Falchion          |       |       |   182 |   519 ||   701
 Invoke: Heroism           |       |       |       |     1 ||     1
  Evoke: Wand              |       |       |     9 |     2 ||    11
    Use: Potion            |     2 |     1 |     4 |     5 ||    12
         Scroll            |     2 |     2 |     9 |     3 ||    16
   Stab: Invisible         |       |       |     2 |       ||     2
 Armour: Scale mail        |    76 |    97 |   277 |   465 ||   915
  Dodge: Dodged            |    54 |    69 |   211 |   285 ||   619
  Block: Buckler           |    18 |    26 |    81 |   156 ||   281
         Form:             |     1 |       |       |       ||     1
         Maw               |     1 |       |       |       ||     1
